 Dungeon Crawl Stone Soup version 0.28.0-53-g5a82cb258f (webtiles) character file.

Game seed: 2101291360098193986

765 SanguineChosen the Chopper (level 7, 0/63 HPs)
             Began as a Minotaur Berserker on Aug 3, 2022.
             Was a Believer of Trog.
             Succumbed to Crazy Yiuf's poison
             ... on level 5 of the Dungeon.
             The game lasted 00:13:14 (4295 turns).

SanguineChosen the Chopper (Minotaur Berserker)     Turns: 4295, Time: 00:13:14

Health: 0/63       AC: 11    Str: 23    XL:     7   Next: 51%
Magic:  6/6        EV:  9    Int:  4    God:    Trog [**....]
Gold:   90         SH:  0    Dex: 10    Spells: 6/6 levels left

rFire   . . .      SeeInvis .   a - +0 hand axe
rCold   . . .      Faith    .   (no shield)
rNeg    . . .      Spirit   .   f - +0 chain mail
rPois   .          Reflect  .   (helmet restricted)
rElec   .          Harm     .   (no cloak)
rCorr   .          Rampage  .   j - +0 pair of gloves
Will    .....                   (no boots)
Stlth   ..........              (no amulet)
HPRegen 0.20/turn               (no ring)
MPRegen 0.10/turn               (no ring)

@: brilliant, lethally poisoned (0 -> -8)
A: horns 2, retaliatory headbutt
a: Renounce Religion, Berserk, Trog's Hand


You were on level 5 of the Dungeon.
You worshipped Trog.
Trog was pleased with you.
You visited 1 branch of the dungeon, and saw 5 of its levels.

You collected 90 gold pieces.

Inventory:

Hand Weapons
 a - a +0 hand axe (weapon)
Missiles
 k - 2 throwing nets (quivered)
Armour
 f - a +0 chain mail (worn)
 j - a +0 pair of gloves (worn)
Jewellery
 e - an amulet of magic regeneration
Wands
 i - a wand of polymorph (5)
Scrolls
 c - a scroll of fear
 g - a scroll of blinking {unknown}


   Skills:
 + Level 6.0 Fighting
 + Level 7.4 Axes
 + Level 5.5 Armour
 + Level 3.1 Dodging
 + Level 1.0 Stealth


You had 6 spell levels left.
You didn't know any spells.
Your spell library was empty.

Dungeon Overview and Level Annotations

Branches:
Dungeon (5/15)
 Temple: D:4-7

Altars:

Annotations:
D:5 1 runed translucent door


Innate Abilities, Weirdness & Mutations

You have a pair of horns on your head.
You reflexively headbutt those who attack you in melee.


Message History

Items here: )) [ †.
Things that are here:
a +0 flail; a gnoll corpse The gnoll barely misses you.
The gnoll hits you from afar with a +0 halberd.
You are no longer glowing.
The gnoll hits you from afar with a +0 halberd!
* * * LOW HITPOINT WARNING * * *
Found a book of the Hunter.
The gnoll hits you from afar with a +0 halberd.
* * * LOW HITPOINT WARNING * * *
You feel better. The gnoll closely misses you.
As you read the scroll of teleportation, it crumbles to dust.
You feel strangely unstable.
The gnoll hits you from afar with a +0 halberd.
* * * LOW HITPOINT WARNING * * *
The gnoll hits you from afar with a +0 halberd.
* * * LOW HITPOINT WARNING * * *
The gnoll barely misses you. The gnoll closely misses you.
You barely miss the gnoll.
Your surroundings suddenly seem different.
Crazy Yiuf the Enlightened comes into view.
He is wielding a +3 quarterstaff of chaos.
Found a mace.
Found a runed translucent door.
Crazy Yiuf hits you with a +3 quarterstaff of chaos.
* * * LOW HITPOINT WARNING * * *
You are lethally poisoned!
You slash Crazy Yiuf!
Crazy Yiuf is heavily wounded.
* * * LOW HITPOINT WARNING * * *
You feel very sick. Crazy Yiuf closely misses you. You furiously retaliate!
You headbutt Crazy Yiuf!
You kill Crazy Yiuf!
Trog accepts your kill.
Unknown command.
There is a lethal amount of poison in your body!
It was a potion of brilliance.
You feel clever all of a sudden.
You hear the rapid rusting of a very distant drain.
You die...

♣♣ .♣
##+##
#...#
#...#
#@))#
#####


There were no monsters in sight!

Vanquished Creatures
  Grinder (D:4)
  An ogre (D:4)
  A phantom (D:5)
  A scorpion (D:5)
  A bullfrog zombie (D:5)
  A centaur skeleton (D:4)
  Crazy Yiuf (D:5)
  A gnoll shaman (D:5)
  2 iguanas (D:5)
  An orc wizard (D:3)
  6 gnolls
  4 adders
  2 worms
  2 dart slugs
  7 orcs
  9 ball pythons
  6 endoplasms
  2 giant cockroaches
  2 goblins (D:2)
  3 hobgoblins
  4 jackals (D:3)
  2 bats
  4 frilled lizards (D:2)
  2 kobolds
  2 rats (D:2)
68 creatures vanquished.

Notes
Turn   | Place    | Note
-------+----------+-------------------------------------------
     0 | D:1      | SanguineChosen the Minotaur Berserker began the quest for
                  | the Orb.
     0 | D:1      | Reached XP level 1. HP: 19/19 MP: 0/0
    22 | D:1      | You fall into a shaft and drop 1 floor!
   327 | D:2      | Reached skill level 4 in Axes
   327 | D:2      | Reached XP level 2. HP: 18/27 MP: 1/1
   655 | D:2      | Found a faded altar of an unknown god.
   790 | D:2      | Reached XP level 3. HP: 29/33 MP: 2/2
  1390 | D:3      | Reached ** piety under Trog
  1581 | D:3      | Reached XP level 4. HP: 36/41 MP: 3/3
  1869 | D:3      | Reached skill level 5 in Axes
  2255 | D:4      | Reached XP level 5. HP: 32/47 MP: 4/4
  2966 | D:4      | Noticed an ogre
  2980 | D:4      | Killed an ogre
  2981 | D:4      | Reached skill level 6 in Axes
  2981 | D:4      | Reached XP level 6. HP: 17/55 MP: 5/5
  3227 | D:4      | Noticed Grinder
  3249 | D:4      | Killed Grinder
  3250 | D:4      | Reached skill level 5 in Fighting
  3734 | D:5      | Entered Level 5 of the Dungeon
  3897 | D:5      | Reached skill level 7 in Axes
  3897 | D:5      | Reached skill level 5 in Armour
  3897 | D:5      | Reached skill level 1 in Stealth
  3897 | D:5      | Reached XP level 7. HP: 54/61 MP: 6/6
  4293 | D:5      | Found a runed translucent door.
  4293 | D:5      | Noticed Crazy Yiuf
  4294 | D:5      | HP: 1/63 [poisoned by Crazy Yiuf]
  4294 | D:5      | Killed Crazy Yiuf
  4295 | D:5      | Succumbed to Crazy Yiuf's poison

Illustrated notes

Levels and vault maps discovered:
D:1:      erik_arrival_cave_to_civilisation [erik_arrival_cave_to_hall],
          layout_loops_ring, chequers_serial_rivers_large_b,
          wander_ebering_terrifying_dragon_lair
D:2:      layout_basic, chequers_ecumenical_altar_island
D:3:      layout_basic
D:4:      layout_basic, chequers_avenue, minmay_misc_feat_roman,
          roderic_serpentine_path, uniq_grinder
D:5:      layout_rooms, gammafunk_ghost_arena, cheibrodos_sewer_entry_bend,
          grunt_ministairs_7, uniq_menkaure, uniq_crazy_yiuf_cottage,
          uniq_eustachio, uniq_ijyb, uniq_duvessa

Skill      XL: |  1  2  3  4  5  6  7 |
---------------+----------------------+-----
Axes           | 4 5 6 7 |  7.4
Fighting       | 4 5 6 |  6.0
Armour         | 3 4 5 |  5.5
Dodging        | 3 |  3.1
Stealth        | 1 |  1.0

Action                   |  1- 3 |  4- 6 |  7- 9 || total
-------------------------+-------+-------+-------++-------
Melee: Hand axe          |    88 |    89 |    37 ||   214
       Headbutt          |     7 |    11 |     5 ||    23
       Punch             |       |     1 |     1 ||     2
  Use: Scroll            |       |     4 |     1 ||     5
       Potion            |       |     1 |     2 ||     3
Armor: Animal skin       |     5 |       |       ||     5
       Chain mail        |    15 |    44 |    13 ||    72
Dodge: Dodged            |    48 |    28 |    28 ||   104
